[ AOE2 MATCH · #495290314 ]
UnrankedChinese vs Chinese
Player's team · LOSS
Rival team · WIN
[ REPLAY ANALYSIS · EXTRACTED FROM THE RECORDED GAME ]
Feudal
9:58
Castle
20:10
Imperial
43:41
| APM avg | 54.0 |
| APM peak | 99 |
| eAPM avg | 29.0 |
| Villagers / military | 160 / 276 |
Focus
⚔️ 46.9% · 🌾 53.1%
Skirmisher ×139 · Scout Cavalry ×75 · Archer ×33 · Knight ×23 · Monk ×3 · Trebuchet (Packed) ×2
Feudal
8:23
Castle
21:22
Imperial
42:29
| APM avg | 77.7 |
| APM peak | 112 |
| eAPM avg | 37.9 |
| Villagers / military | 182 / 220 |
Focus
⚔️ 59.3% · 🌾 40.7%
Skirmisher ×101 · Cavalry Archer ×50 · Knight ×44 · Monk ×8 · Trebuchet (Packed) ×7 · Scout Cavalry ×5
Match map
Initial resources + every placement click. Lines = walls · curves = elevation contours. ◆ gold · ⬟ stone · ● berries · ✦ relic · ◌ wall gap
Your base· ✓ Closed at 20:10 · 37t walls · 1 gate(s)
OJP's base· ✓ Closed at 21:22 · 69t walls · 1 gate(s)
Smoothed initial terrain · ◌ = detected wall gap · hover for details
Inputs per minute
— buddybadi - - OJP
Build order — buddybadi
First 150 of 548 actions detected
| 0:08 | Research | Loom |
| 0:41 | Create | Villager (Male) |
| 1:07 | Create | Villager (Male) |
| 1:29 | Create | Villager (Male) |
| 1:57 | Create | Villager (Male) |
| 2:04 | Build | House |
| 2:19 | Create | Villager (Male) |
| 2:44 | Build | Lumber Camp |
| 2:46 | Create | Villager (Male) |
| 3:08 | Create | Villager (Male) |
| 3:31 | Create | Villager (Male) |
| 4:02 | Create | Villager (Male) |
| 4:16 | Build | House |
| 4:19 | Build | Palisade Wall |
| 4:27 | Create | Villager (Male) |
| 4:45 | Create | Villager (Male) |
| 5:00 | Build | Palisade Wall |
| 5:04 | Create | Villager (Male) |
| 5:12 | Build | Palisade Wall |
| 5:39 | Create | Villager (Male) |
| 5:50 | Build | Palisade Wall |
| 6:00 | Build | Mill |
| 6:02 | Create | Villager (Male) |
| 6:14 | Build | Palisade Wall |
| 6:30 | Create | Villager (Male) |
| 6:38 | Build | Palisade Wall |
| 6:52 | Create | Villager (Male) |
| 7:15 | Build | Palisade Wall |
| 7:18 | Create | Villager (Male) |
| 7:21 | Build | Lumber Camp |
| 7:41 | Build | House |
| 7:44 | Research | Feudal Age |
| 8:00 | Build | House |
| 8:28 | Build | Palisade Wall |
| 8:44 | Build | Barracks |
| 9:11 | Build | Palisade Wall |
| 9:23 | Create | Villager (Male) |
| 9:38 | Build | Mining Camp |
| 9:41 | Create | Villager (Male) |
| 9:58 | Age | Feudal Age |
| 10:00 | Build | Archery Range |
| 10:03 | Research | Double-Bit Axe |
| 10:04 | Research | Horse Collar |
| 10:07 | Create | Villager (Male) |
| 10:18 | Build | Palisade Gate |
| 10:35 | Build | Farm |
| 10:37 | Build | Farm |
| 10:44 | Build | House |
| 10:46 | Build | Palisade Wall |
| 10:50 | Create | Villager (Male) |
| 10:51 | Build | Farm |
| 10:55 | Create | Archer |
| 11:10 | Build | House |
| 11:13 | Build | Palisade Wall |
| 11:18 | Create | Archer |
| 11:28 | Create | Villager (Male) |
| 11:32 | Create | Spearman |
| 11:34 | Build | Palisade Wall |
| 11:34 | Build | Palisade Wall |
| 11:52 | Create | Archer |
| 11:53 | Create | Villager (Male) |
| 11:59 | Build | Palisade Wall |
| 12:00 | Build | Palisade Wall |
| 12:08 | Create | Archer |
| 12:11 | Create | Villager (Male) |
| 12:18 | Build | Farm |
| 12:20 | Build | Farm |
| 12:45 | Build | Palisade Wall |
| 12:49 | Create | Villager (Male) |
| 12:54 | Build | Farm |
| 13:01 | Build | Farm |
| 13:09 | Create | Archer |
| 13:11 | Create | Villager (Male) |
| 13:14 | Build | Farm |
| 13:17 | Build | Farm |
| 13:19 | Build | Farm |
| 13:21 | Build | Farm |
| 13:23 | Create | Villager (Male) |
| 13:43 | Build | Farm |
| 13:44 | Create | Villager (Male) |
| 13:58 | Create | Archer |
| 14:03 | Build | Blacksmith |
| 14:11 | Create | Villager (Male) |
| 14:14 | Build | House |
| 14:29 | Create | Archer |
| 14:41 | Create | Villager (Male) |
| 14:55 | Create | Archer |
| 14:59 | Build | Farm |
| 14:59 | Build | Farm |
| 15:03 | Build | Farm |
| 15:19 | Create | Villager (Male) |
| 15:24 | Research | Fletching |
| 15:37 | Create | Archer |
| 15:42 | Create | Villager (Male) |
| 16:16 | Create | Villager (Male) |
| 16:17 | Create | Archer |
| 16:49 | Create | Villager (Male) |
| 16:55 | Create | Archer |
| 17:04 | Build | Archery Range |
| 17:30 | Research | Castle Age |
| 17:31 | Create | Archer |
| 17:47 | Build | Farm |
| 17:48 | Build | Farm |
| 17:49 | Build | Farm |
| 17:59 | Create | Villager (Male) |
| 18:03 | Create | Archer |
| 18:03 | Create | Archer |
| 18:11 | Build | House |
| 18:30 | Build | House |
| 18:34 | Create | Archer |
| 18:34 | Create | Archer |
| 18:38 | Research | Padded Archer Armor |
| 18:54 | Build | Stable |
| 19:06 | Create | Archer |
| 19:06 | Create | Archer |
| 19:16 | Research | Gold Mining |
| 19:34 | Research | Scale Barding Armor |
| 19:39 | Create | Archer |
| 19:39 | Create | Archer |
| 19:46 | Create | Villager (Male) |
| 19:46 | Create | Villager (Male) |
| 19:50 | Build | Mining Camp |
| 20:10 | Age | Castle Age |
| 20:11 | Research | Crossbowman (upgrade) |
| 20:11 | Research | Bodkin Arrow |
| 20:30 | Build | Farm |
| 20:31 | Build | Farm |
| 20:34 | Research | Bow Saw |
| 20:36 | Create | Knight |
| 20:45 | Create | Archer |
| 20:46 | Create | Archer |
| 21:11 | Create | Knight |
| 21:12 | Create | Villager (Male) |
| 21:20 | Build | House |
| 21:21 | Build | House |
| 21:22 | Build | House |
| 21:27 | Create | Villager (Male) |
| 21:35 | Create | Knight |
| 22:19 | Create | Villager (Male) |
| 22:19 | Create | Villager (Male) |
| 22:24 | Create | Knight |
| 22:32 | Create | Villager (Male) |
| 22:33 | Create | Knight |
| 22:37 | Build | Stable |
| 22:43 | Research | Scale Barding Armor |
| 22:43 | Research | Scale Barding Armor |
| 22:51 | Create | Villager (Male) |
| 23:02 | Create | Knight |
| 23:14 | Create | Villager (Male) |
| 23:27 | Create | Knight |
Build order — OJP
First 150 of 578 actions detected
| 0:00 | Research | Loom |
| 0:41 | Create | Villager (Male) |
| 1:09 | Create | Villager (Male) |
| 1:33 | Create | Villager (Male) |
| 1:51 | Build | Lumber Camp |
| 1:56 | Create | Villager (Male) |
| 2:18 | Create | Villager (Male) |
| 2:32 | Create | Villager (Male) |
| 3:10 | Build | House |
| 3:12 | Create | Villager (Male) |
| 3:34 | Create | Villager (Male) |
| 4:02 | Create | Villager (Male) |
| 4:21 | Create | Villager (Male) |
| 4:26 | Build | Mill |
| 4:40 | Create | Villager (Male) |
| 5:22 | Create | Villager (Male) |
| 5:46 | Create | Villager (Male) |
| 6:13 | Research | Feudal Age |
| 6:27 | Build | House |
| 6:28 | Build | House |
| 7:10 | Build | Barracks |
| 7:40 | Create | Villager (Male) |
| 8:23 | Age | Feudal Age |
| 8:24 | Build | Stable |
| 8:25 | Research | Double-Bit Axe |
| 8:25 | Create | Villager (Male) |
| 8:34 | Build | House |
| 8:54 | Build | Palisade Wall |
| 8:59 | Build | Palisade Wall |
| 8:59 | Build | Palisade Wall |
| 9:00 | Build | Palisade Wall |
| 9:05 | Create | Scout Cavalry |
| 9:13 | Research | Horse Collar |
| 9:14 | Create | Villager (Male) |
| 9:25 | Build | Farm |
| 9:32 | Build | Palisade Wall |
| 9:33 | Build | Palisade Wall |
| 9:33 | Build | Palisade Wall |
| 9:35 | Build | Palisade Wall |
| 9:38 | Build | House |
| 9:40 | Create | Villager (Male) |
| 9:42 | Create | Scout Cavalry |
| 9:46 | Build | Farm |
| 9:51 | Build | House |
| 9:58 | Create | Villager (Male) |
| 10:00 | Build | Farm |
| 10:09 | Build | Palisade Wall |
| 10:10 | Build | Palisade Wall |
| 10:16 | Create | Scout Cavalry |
| 10:26 | Build | Farm |
| 10:28 | Create | Villager (Male) |
| 10:42 | Build | Farm |
| 10:55 | Create | Villager (Male) |
| 11:00 | Create | Scout Cavalry |
| 11:29 | Create | Villager (Male) |
| 11:35 | Build | House |
| 11:42 | Create | Villager (Male) |
| 11:52 | Create | Villager (Male) |
| 11:55 | Build | Archery Range |
| 12:01 | Create | Villager (Male) |
| 12:08 | Create | Villager (Male) |
| 12:10 | Build | Palisade Wall |
| 12:18 | Create | Villager (Male) |
| 12:21 | Build | Farm |
| 12:21 | Build | Farm |
| 12:38 | Create | Villager (Male) |
| 12:41 | Build | Farm |
| 12:42 | Build | House |
| 12:53 | Create | Skirmisher |
| 12:54 | Create | Villager (Male) |
| 12:56 | Build | Farm |
| 13:10 | Create | Villager (Male) |
| 13:14 | Build | Farm |
| 13:21 | Build | Palisade Wall |
| 13:27 | Create | Villager (Male) |
| 13:37 | Build | Lumber Camp |
| 13:44 | Create | Skirmisher |
| 13:53 | Create | Villager (Male) |
| 14:03 | Create | Scout Cavalry |
| 14:06 | Build | Farm |
| 14:07 | Create | Villager (Male) |
| 14:14 | Create | Skirmisher |
| 14:19 | Create | Villager (Male) |
| 14:25 | Build | Farm |
| 14:40 | Build | Mining Camp |
| 14:43 | Create | Villager (Male) |
| 14:51 | Create | Skirmisher |
| 14:58 | Build | Farm |
| 15:06 | Research | Wheelbarrow |
| 15:21 | Create | Skirmisher |
| 15:34 | Build | Palisade Wall |
| 15:38 | Build | Palisade Wall |
| 15:48 | Build | House |
| 15:51 | Create | Skirmisher |
| 16:07 | Create | Skirmisher |
| 16:19 | Create | Villager (Male) |
| 16:39 | Build | House |
| 16:54 | Build | Blacksmith |
| 16:54 | Create | Villager (Male) |
| 17:05 | Build | Farm |
| 17:11 | Build | Farm |
| 17:12 | Build | Farm |
| 17:14 | Create | Villager (Male) |
| 17:22 | Build | Farm |
| 17:28 | Build | House |
| 17:35 | Build | Palisade Wall |
| 17:43 | Create | Villager (Male) |
| 17:51 | Build | Farm |
| 18:17 | Create | Villager (Male) |
| 18:25 | Build | Farm |
| 18:38 | Research | Castle Age |
| 18:38 | Research | Castle Age |
| 18:41 | Build | Archery Range |
| 18:46 | Create | Skirmisher |
| 18:46 | Create | Skirmisher |
| 19:06 | Research | Padded Archer Armor |
| 19:06 | Research | Padded Archer Armor |
| 19:12 | Create | Skirmisher |
| 19:29 | Build | Palisade Gate |
| 19:34 | Create | Skirmisher |
| 19:34 | Create | Skirmisher |
| 19:42 | Research | Fletching |
| 19:43 | Build | House |
| 19:54 | Build | Archery Range |
| 20:03 | Create | Skirmisher |
| 20:31 | Create | Skirmisher |
| 20:32 | Create | Skirmisher |
| 20:32 | Create | Skirmisher |
| 20:46 | Create | Skirmisher |
| 20:46 | Create | Skirmisher |
| 20:46 | Create | Skirmisher |
| 20:49 | Create | Villager (Male) |
| 21:18 | Build | House |
| 21:22 | Age | Castle Age |
| 21:22 | Research | Bodkin Arrow |
| 21:23 | Research | Elite Skirmisher (upgrade) |
| 21:26 | Create | Villager (Male) |
| 21:29 | Create | Skirmisher |
| 21:29 | Create | Skirmisher |
| 21:33 | Build | House |
| 21:36 | Create | Villager (Male) |
| 21:44 | Create | Villager (Male) |
| 21:52 | Create | Skirmisher |
| 22:05 | Create | Skirmisher |
| 22:06 | Create | Skirmisher |
| 22:09 | Create | Villager (Male) |
| 22:12 | Create | Skirmisher |
| 22:15 | Create | Villager (Male) |
| 22:29 | Create | Villager (Male) |
| 22:33 | Create | Skirmisher |
Match timeline
| 4:19 | buddybadi · wall_segment Palisade Wall x2 |
| 5:00 | buddybadi · wall_segment Palisade Wall x1 |
| 5:12 | buddybadi · wall_segment Palisade Wall x1 |
| 5:50 | buddybadi · wall_segment Palisade Wall x4 |
| 6:14 | buddybadi · wall_segment Palisade Wall x5 |
| 6:38 | buddybadi · wall_segment Palisade Wall x2 |
| 7:10 | OJP · first_building Barracks |
| 7:15 | buddybadi · wall_segment Palisade Wall x2 |
| 8:23 | OJP · age_up feudal |
| 8:24 | OJP · first_building Stable |
| 8:28 | buddybadi · wall_segment Palisade Wall x5 |
| 8:44 | buddybadi · first_building Barracks |
| 8:54 | OJP · wall_segment Palisade Wall x1 |
| 8:59 | OJP · wall_segment Palisade Wall x1 |
| 8:59 | OJP · wall_segment Palisade Wall x1 |
| 9:00 | OJP · wall_segment Palisade Wall x1 |
| 9:11 | buddybadi · wall_segment Palisade Wall x2 |
| 9:32 | OJP · wall_segment Palisade Wall x1 |
| 9:33 | OJP · wall_segment Palisade Wall x1 |
| 9:33 | OJP · wall_segment Palisade Wall x1 |
| 9:35 | OJP · wall_segment Palisade Wall x9 |
| 9:58 | buddybadi · age_up feudal |
| 10:00 | buddybadi · first_building Archery Range |
| 10:09 | OJP · wall_segment Palisade Wall x1 |
| 10:10 | OJP · wall_segment Palisade Wall x1 |
| 10:46 | buddybadi · wall_segment Palisade Wall x1 |
| 11:13 | buddybadi · wall_segment Palisade Wall x1 |
| 11:34 | buddybadi · wall_segment Palisade Wall x1 |
| 11:34 | buddybadi · wall_segment Palisade Wall x1 |
| 11:55 | OJP · first_building Archery Range |
| 11:59 | buddybadi · wall_segment Palisade Wall x7 |
| 12:00 | buddybadi · wall_segment Palisade Wall x1 |
| 12:10 | OJP · wall_segment Palisade Wall x4 |
| 12:45 | buddybadi · wall_segment Palisade Wall x1 |
| 13:21 | OJP · wall_segment Palisade Wall x16 |
| 15:34 | OJP · wall_segment Palisade Wall x11 |
| 15:38 | OJP · wall_segment Palisade Wall x9 |
| 17:35 | OJP · wall_segment Palisade Wall x12 |
| 18:54 | buddybadi · first_building Stable |
| 20:10 | buddybadi · age_up castle |
| 21:22 | OJP · age_up castle |
| 24:14 | OJP · first_building Monastery |
| 25:23 | buddybadi · first_building Monastery |
| 27:15 | OJP · wall_segment Palisade Wall x1 |
| 27:18 | OJP · wall_segment Palisade Wall x5 |
| 27:29 | OJP · wall_segment Palisade Wall x1 |
| 28:43 | OJP · first_market_buy 100 wood |
| 29:02 | OJP · first_market_sell 100 food |
| 32:29 | buddybadi · first_market_sell 100 food |
| 35:35 | OJP · first_building Castle |
| 36:37 | buddybadi · first_market_buy 100 stone |
| 39:44 | OJP · first_building Siege Workshop |
| 42:11 | buddybadi · first_building Castle |
| 42:29 | OJP · age_up imperial |
| 43:41 | buddybadi · age_up imperial |
| 50:31 | buddybadi · resign |
[ AI ANALYSIS · 1 CREDIT ]
What really happened in this match?
Wolo.gg analyzes every decision: build order, eco, micro, common mistakes by bracket. Personalized analysis on WhatsApp or Discord in 30 seconds.
Civ guide
Chinese
Perfil
Jugador #8335776